 Dungeon Crawl Stone Soup version 0.19.0-2-gae57169 (webtiles) character file.

102 Patchouli the Magician (level 4, -2/24 HPs)
             Began as a Deep Elf Ice Elementalist on Nov 2, 2016.
             Slain by a centaur (4 damage)
             ... on level 5 of the Dungeon.
             The game lasted 00:06:14 (822 turns).

Patchouli the Magician (Deep Elf Ice Elementalist)   Turns: 822, Time: 00:06:15

Health: -2/24      AC:  4    Str:  5    XL:     4   Next: 49%
Magic:  8/13       EV: 12    Int: 21    God:
Gold:   80         SH:  0    Dex: 15    Spells: 3 memorised, 8 levels left

rFire  . . .     SeeInvis .     p - +0 spear
rCold  . . .     Gourm    .     g - +0 leather armour
rNeg   . . .     Faith    .     (no shield)
rPois  .         Spirit   .     (no helmet)
rElec  .         Reflect  .     (no cloak)
rCorr  .         Harm     .     i - +0 pair of gloves
MR     .....                    (no boots)
Stlth  ++........               (no amulet)
                                (no ring)
                                (no ring)

@: very slightly contaminated
A: no striking features
a: no special abilities


You were on level 5 of the Dungeon.
You were not hungry.

You visited 1 branch of the dungeon, and saw 5 of its levels.

You collected 80 gold pieces.

Inventory:

Hand Weapons
 h - a +0 club
 j - a +0 flail
 p - a +0 spear (weapon)
Armour
 a - a +0 robe
 g - a +0 leather armour (worn)
 i - a +0 pair of gloves (worn)
Scrolls
 d - a scroll of fog {unknown}
 f - a scroll of noise {unknown}
 k - a scroll of teleportation {unknown}
 l - a scroll of enchant weapon {unknown}
 m - a scroll of blinking {unknown}
 q - a scroll of recharging {unknown}
 r - 2 scrolls of identify {unknown}
Potions
 e - a potion of invisibility {unknown}
 n - a potion of might
 o - a potion of curing {unknown}
 t - a potion of heal wounds {unknown}
Books
 b - a book of Frost

   Spells                             Type                      Level
   a - Freeze                         Ice                          1
   b - Throw Frost                    Conjuration/Ice              2
   c - Ozocubu's Armour               Charms/Ice                   3
   d - Throw Icicle                   Conjuration/Ice              4
   e - Summon Ice Beast               Ice/Summoning                4
Comestibles
 c - 2 bread rations
 s - 4 chunks of flesh


   Skills:
 - Level 2.4 Dodging
 - Level 2.4 Stealth
 * Level 5.6 Spellcasting
 - Level 1.1 Conjurations
 + Level 4.2 Ice Magic


You had 8 spell levels left.
You knew the following spells:

 Your Spells              Type           Power        Failure   Level  Hunger
a - Freeze                Ice            ###.         3%          1    None
b - Throw Frost           Conj/Ice       ###...       10%         2    None
q - Ozocubu's Armour      Chrm/Ice       ##......     21%         3    ##.....


Dungeon Overview and Level Annotations

Branches:
Dungeon (5/15)
 Temple: D:4-7

Altars:
Xom
Yredelemnul


Message History

The centaur barely misses you.
Casting: Ozocubu's Armour
Confirm with . or Enter, or press ? or * to list all spells.
Aiming: Freeze
Press: ? - help, Shift-Dir - straight line, f - centaur
Aim: a centaur You freeze the centaur.
The centaur is moderately wounded.
The centaur hits you.
* * * LOW HITPOINT WARNING * * *
The centaur barely misses you.
Casting: Freeze
Confirm with . or Enter, or press ? or * to list all spells.
Aiming: Freeze
Press: ? - help, Shift-Dir - straight line, f/p - centaur
Aim: a centaur (moderately wounded)
You freeze the centaur.
The centaur is heavily wounded.
The centaur hits you.
You die...

#.# #.# #?#
#.# #.# #.#
#c# #@# # #(#
#### #.# ....
.... #(# #..
..... #(####
#.. ....
#((..#
#.####.###
####.#
#.##.....## #
#.#
#.#.......#.#
#.#


You could see a centaur.

Vanquished Creatures
  An iguana (D:4)
  2 worker ants
  An ooze (D:3)
  2 leopard geckos
  An orc (D:5)
  3 bats
  A giant cockroach (D:4)
  A goblin (D:3)
  2 hobgoblins (D:1)
  4 jackals (D:3)
  A kobold (D:3)
  A ball python zombie (D:5)
  A frilled lizard (D:1)
  A rat (D:2)
22 creatures vanquished.

Notes
Turn   | Place    | Note
-------+----------+-------------------------------------------
     0 | D:1      | Patchouli the Deep Elf Ice Elementalist began the quest for the Orb.
     0 | D:1      | Reached XP level 1. HP: 10/10 MP: 6/6
   226 | D:2      | Reached XP level 2. HP: 15/15 MP: 5/8
   230 | D:2      | Learned a level 2 spell: Throw Frost
   323 | D:3      | Reached skill level 4 in Spellcasting
   530 | D:4      | Reached XP level 3. HP: 8/19 MP: 4/11
   537 | D:4      | Learned a level 3 spell: Ozocubu's Armour
   609 | D:4      | Found a faded altar of an unknown god.
   609 | D:4      | Found a faded altar of an unknown god.
   614 | D:4      | Found a faded altar of an unknown god.
   616 | D:4      | Found a faded altar of an unknown god.
   617 | D:4      | Found a basalt altar of Yredelemnul.
   654 | D:5      | Entered Level 5 of the Dungeon
   684 | D:5      | Reached skill level 5 in Spellcasting
   684 | D:5      | Reached XP level 4. HP: 16/24 MP: 4/13
   772 | D:5      | Found a shimmering altar of Xom.
   814 | D:5      | Noticed a centaur
   822 | D:5      | Slain by a centaur

Skill      XL: |  1  2  3 |
---------------+----------+-----
Spellcasting   | 4 5 |  5.6
Ice Magic      | 4 |  4.2
Dodging        | |  2.4
Stealth        | |  2.4
Conjurations   | |  1.1

Action                   |  1- 3 |  4- 6 || total
-------------------------+-------+-------++-------
Melee: Spear             |     3 |     2 ||     5
 Cast: Freeze            |    35 |     9 ||    44
       Ozocubu's Armour  |     1 |       ||     1
  Use: Scroll            |     1 |       ||     1
       Potion            |       |     4 ||     4
 Stab: Sleeping          |     2 |       ||     2
Armor: Leather armour    |     5 |       ||     5
Dodge: Dodged            |    23 |    11 ||    34
